Map: Sang chaud EC

Players

zidar - Winner!

  • Race: Zerg Zerg
  • League: Gold
  • Spawn Location: 11:00

ZyZyX

  • Race: Protoss Protoss
  • League: Platinum
  • Spawn Location: 5:00

VOD

Have the link to the VOD?

Description

Time

  • Played on: July 7, 2017, 2:48 p.m.
  • Length: 5:18
Show
View Real Time Build Order
Export as new Build Order

zidar Zerg - Winner!

Build Orders: Hatch First 

Get SALT Encoding   

  12  0:00  Unknown  
  12  0:01  Drone  
  13  0:12  Overlord  
  13  0:18  Drone  
  14  0:30  Drone x2  
  14  0:34  Drone  
  17  0:56  Hatchery  
  16  0:59  Drone  
  16  1:02  Extractor  
  16  1:04  Drone  
  17  1:26  Drone  
  17  1:27  Drone  
  19  1:34  Spawning Pool  
  18  1:42  Drone  
  18  1:44  Overlord  
  19  2:25  Overlord  
  19  2:26  Queen  
  21  2:32  Queen  
  21  2:36  Zergling x2  
  25  2:37  Zergling x4  
  25  2:38  Metabolic Boost  
  25  2:53  Drone x5  
  30  3:16  Evolution Chamber  
  29  3:30  Zergling x12  
  35  4:01  Zergling x14  
  42  4:38  Spore Crawler  
  41  4:40  Spore Crawler  
Show
View Real Time Build Order
Export as new Build Order

ZyZyX Protoss 

Build Orders: Nexus First, Oracle Opening 

Get SALT Encoding   

  12  0:00  Unknown  
  12  0:01  Probe (Chrono Boost)  
  13  0:12  Probe (Chrono Boost)  
  14  0:20  Pylon  
  14  0:23  Probe (Chrono Boost)  
  15  0:40  Probe (Chrono Boost)  
  16  0:58  Nexus  
  16  1:12  Probe (Chrono Boost)  
  17  1:18  Gateway  
  17  1:21  Assimilator  
  17  1:22  Probe (Chrono Boost)  
  18  1:33  Probe (Chrono Boost)  
  19  1:43  Probe (Chrono Boost)  
  20  1:51  Assimilator  
  20  2:06  Probe (Chrono Boost)  
  21  2:14  Zealot (Chrono Boost)  
  23  2:21  Cybernetics Core  
  23  2:26  Pylon  
  23  2:27  Probe  
  24  2:38  Probe  
  25  2:45  Probe  
  25  2:48  Probe  
  27  2:57  Probe  
  28  3:05  Stargate  
  28  3:09  Probe  
  28  3:10  Probe  
  30  3:14  Adept (Chrono Boost)  
  30  3:15  Warp Gate  
  32  3:21  Probe  
  32  3:22  Probe  
  34  3:28  Twilight Council  
  34  3:31  Probe  
  35  3:34  Assimilator  
  35  3:40  Adept (Chrono Boost), Pylon  
  37  3:44  Probe x2  
  37  3:48  Oracle (Chrono Boost)  
  39  3:54  Probe  
  42  3:56  Probe  
  42  4:02  Pylon  
  44  4:05  Probe  
  45  4:17  Probe  
  45  4:19  Adept  
  48  4:31  Gateway  
  48  4:33  Gateway  
  48  4:35  Gateway  
  48  4:47  Mothership Core  
Tags
 
Add a new tag
Caveats
  • Supply blocks, unpowered buildings, or Contaminate may cause inaccurate times.
  • Supply counts are checked every 10 seconds.